 Dungeon Crawl Stone Soup version 0.32-a0-338-g4f8ebfe289 (webtiles) character file.

Game seed: 4732082498336541132

623 hansi the Gusty (level 7, -1/40 HPs)
             Began as a Tengu Air Elementalist on Feb 17, 2024.
             Shot with an arrow by a centaur (14 damage)
             ... on level 5 of the Dungeon.
             The game lasted 00:10:35 (5371 turns).

hansi the Gusty (Tengu Air Elementalist)            Turns: 5371, Time: 00:10:36

Health: -1/40      AC:  4    Str: 11    XL:     7   Next: 46%
Magic:  6/13       EV: 32    Int: 17    God:
Gold:   85         SH:  0    Dex: 14    Spells: 9/12 levels left

rFire   + + .        l - +8 short sword of the Crypt {heavy, rN+ Will++ Str+2}
rCold   . . .        (no shield)
rNeg    + . .        k - +1 robe of the Beastly Hot Ocelot {rF++}
rPois   .            (helmet restricted)
rElec   .            q - +0 cloak
rCorr   .            (no gloves)
SInv    .            (boots unavailable)
Will    ++...        (no amulet)
Stlth   ++           (no ring)
HPRegen 0.26/turn    (no ring)
MPRegen 0.13/turn

%: acrobat
@: acrobatic, flying
A: beak, talons 3, evasive flight, acrobatic
a: no special abilities


You were on level 5 of the Dungeon.
You visited 1 branch of the dungeon, and saw 5 of its levels.

You collected 121 gold pieces.
You spent 36 gold pieces at shops.

Inventory:

Hand Weapons
 a - a +4 quarterstaff of chaos
 l - the +8 short sword of the Crypt (weapon) {heavy, rN+ Will++ Str+2}
   (You found it on level 2 of the Dungeon)

   Str+2:     It affects your strength (+2).
   rN+:       It protects you from negative energy.
   Will++:    It greatly increases your willpower.
Armour
 k - the +1 robe of the Beastly Hot Ocelot (worn) {rF++}
   (You found it on level 2 of the Dungeon)

   rF++:      It greatly protects you from fire.
 q - a +0 cloak (worn)
Scrolls
 b - a scroll of poison {unknown}
 c - a scroll of torment {unknown}
 d - 2 scrolls of immolation
 e - a scroll of blinking {unknown}
 g - a scroll of noise
 j - a scroll of fear {unknown}
 n - 2 scrolls of teleportation {unknown}
 p - 2 scrolls of amnesia {unknown}
 s - a scroll of identify
Potions
 f - a potion of brilliance
 h - a potion of curing
 i - a potion of attraction {unknown}
 m - 2 potions of enlightenment
 o - 2 potions of heal wounds
 r - a potion of berserk rage {unknown}


   Skills:
 + Level 2.2 Fighting
 + Level 2.5 Short Blades
 + Level 4.0 Dodging
 + Level 3.8 Stealth
 + Level 3.4 Spellcasting
 + Level 4.0 Conjurations
 + Level 5.6 Air Magic


You had 9 spell levels left.
You knew the following spells:

 Your Spells              Type           Power      Damage    Failure   Level
a - Shock                 Conj/Air       76%        1d7       2%          1
b - Static Discharge      Conj/Air       38%        3-5/arc   3%          2

Your spell library contained the following spells:

 Spells                   Type           Power      Damage    Failure   Level
 Swiftness                Air            22%        N/A       4%          3
 Cigotuvi's Dreadful Rot  Necr/Alch/Air  18%        N/A       12%         2
 Airstrike                Air            11%        2d(2-18)  16%         4
 Freezing Cloud           Conj/Ice/Air   6%         6-21      77%         5
 Ignite Poison            Fire/Alch      2%         N/A       86%         4


Dungeon Overview and Level Annotations

Branches:
Dungeon (5/15)             Temple (0/1) D:4

Altars:

Shops:
D:2 **((


Innate Abilities, Weirdness & Mutations

You have a beak for a mouth.
You have claws for feet.
Your magical flight helps you evade attacks. (EV +4)
You can magically evade attacks while moving or waiting.


Message History

Aim: a centaur, wielding a +0 orcbow (lightly wounded, 83% to hit)
The zap hits the centaur.
The centaur is moderately wounded.
The centaur shoots an arrow.
The arrow hits you!
The centaur shoots an arrow.
The arrow completely misses you.
Casting: Shock (safe; 2% risk of failure)
Confirm with . or Enter, or press ? or * to list all spells.
Aiming: Shock (safe; 2% risk of failure)
Press: ? - help, Shift-Dir - straight line, f/p - centaur
Aim: a centaur, wielding a +0 orcbow (moderately wounded, 83% to hit)
The zap hits the centaur.
The centaur is moderately wounded.
The centaur shoots an arrow.
The arrow misses you.
Casting: Shock (safe; 2% risk of failure)
Confirm with . or Enter, or press ? or * to list all spells.
Aiming: Shock (safe; 2% risk of failure)
Press: ? - help, Shift-Dir - straight line, f/p - centaur
Aim: a centaur, wielding a +0 orcbow (moderately wounded, 83% to hit)
The zap hits the centaur.
The centaur is heavily wounded.
The centaur shoots an arrow.
The arrow barely misses you.
The centaur shoots an arrow.
The arrow barely misses you.
Casting: Shock (safe; 2% risk of failure)
Confirm with . or Enter, or press ? or * to list all spells.
Aiming: Shock (safe; 2% risk of failure)
Press: ? - help, Shift-Dir - straight line, f/p - centaur
Aim: a centaur, wielding a +0 orcbow (heavily wounded, 83% to hit)
The zap misses the centaur.
The centaur shoots an arrow.
The arrow barely misses you.
The zap hits the centaur.
The centaur is severely wounded.
The centaur shoots an arrow.
The arrow misses you.
The centaur shoots an arrow.
The arrow completely misses you.
The zap hits the centaur.
The centaur is severely wounded.
The centaur shoots an arrow.
The arrow hits you!
* * * LOW HITPOINT WARNING * * *
You are too injured to fight recklessly!
The centaur shoots an arrow.
The arrow hits you!
You die...

.....>.........
....c...........
.................#
................##
#...............#
#..............#
#.............#
#............#
##.@.........#
##..........#
##..#......#
##..##....#
##..####.# ##..##
# ##..# ##.##
##.###


You could see a centaur.

Vanquished Creatures
  Sigmund (D:2)
  A sky beast (D:4)
  A scorpion (D:4)
  A howler monkey (D:4)
  A jelly (D:5)
  Crazy Yiuf (D:3)
  An iguana (D:4)
  A gnoll (D:1)
  3 adders (D:4)
  A shadow imp (D:5)
  2 dart slugs
  2 ribbon worms (D:3)
  4 orcs
  8 ball pythons
  2 bats (D:1)
  4 endoplasms
  7 giant cockroaches
  11 goblins
  5 hobgoblins
  8 jackals (D:3)
  4 quokkas
  A frilled lizard (D:2)
  6 kobolds
  5 rats
81 creatures vanquished.

Notes
Turn   | Place    | Note
-------+----------+-------------------------------------------
     0 | D:1      | hansi the Tengu Air Elementalist began the quest for the
                  | Orb.
     0 | D:1      | Reached XP level 1. HP: 10/10 MP: 4/4
    73 | D:1      | Reached XP level 2. HP: 9/15 MP: 0/6
   443 | D:1      | Reached XP level 3. HP: 7/19 MP: 0/7
   833 | D:1      | Found a faded altar of an unknown god.
  1286 | D:2      | Found Babbaly's General Store.
  1321 | D:2      | Bought a potion of curing for 36 gold pieces
  1460 | D:2      | Reached XP level 4. HP: 24/24 MP: 5/8
  1499 | D:2      | Found Uwnaluox's Weapon Shop.
  1528 | D:2      | Found Cianok's Assorted Antiques.
  1602 | D:2      | Identified the +1 robe of the Beastly Hot Ocelot {rF++}
  1720 | D:2      | Identified the +8 short sword of the Crypt {heavy, rN+
                  | Will++ Str+2}
  1843 | D:2      | Found Weff's Antique Weapon Emporium.
  2137 | D:2      | Noticed Sigmund
  2144 | D:2      | Killed Sigmund
  2145 | D:2      | Reached skill level 1 in Fighting
  2145 | D:2      | Reached skill level 1 in Short Blades
  2145 | D:2      | Reached skill level 5 in Air Magic
  2145 | D:2      | Reached XP level 5. HP: 17/29 MP: 7/10
  2145 | D:2      | Reached XP level 6. HP: 20/34 MP: 7/11
  3669 | D:3      | Found a runed translucent door.
  3670 | D:3      | Noticed Crazy Yiuf
  3864 | D:3      | Learned a level 2 spell: Static Discharge
  3873 | D:3      | Killed Crazy Yiuf
  4460 | D:4      | Gained mutation: Your magical flight helps you evade
                  | attacks. (EV +4) [Tengu growth]
  4460 | D:4      | Reached XP level 7. HP: 39/39 MP: 7/12
  4768 | D:4      | Found a staircase to the Ecumenical Temple.
  5248 | D:5      | Entered Level 5 of the Dungeon
  5371 | D:5      | Shot with an arrow by a centaur

Illustrated notes

Levels and vault maps discovered:
D:1:      psy_arrival_radial02, layout_loops_ring,
          hellmonk_ecumenical_altar_inner_sanctum
D:2:      layout_loops_corners, serial_bayou, serial_bayou_pond_b,
          serial_bayou_shore_a, serial_bayou_shore_b, serial_bayou_pond_e,
          serial_bayou_pond_d, serial_shops, shop, shop, shop,
          nicolae_shop_waterfront, glass_columns_b, uniq_sigmund
D:3:      layout_basic, uniq_crazy_yiuf_cottage
D:4:      layout_loops_ring, minmay_temple_entry_fiery, amethyst_killhole
D:5:      layout_cave_pods

Skill      XL: |  1  2  3  4  5  6  7 |
---------------+----------------------+-----
Conjurations   | 2 3 4 |  4.0
Fighting       | 1 2 |  2.2
Short Blades   | 1 2 |  2.5
Dodging        | 3 4 |  4.0
Stealth        | 3 |  3.8
Air Magic      | 5 |  5.6
Spellcasting   | 3 |  3.4

Action                     |  1- 3 |  4- 6 |  7- 9 || total
---------------------------+-------+-------+-------++-------
  Melee: Unarmed           |     4 |       |       ||     4
         Peck              |     3 |     2 |     2 ||     7
         Kick              |     1 |     6 |     1 ||     8
         Short sword       |       |    28 |     9 ||    37
   Cast: Shock             |    53 |    86 |    34 ||   173
    Use: Potion            |     1 |     1 |       ||     2
         Scroll            |       |     5 |       ||     5
   Stab: Sleeping          |       |     1 |       ||     1
 Armour: Robe              |     8 |    14 |    10 ||    32
  Dodge: Dodged            |    11 |    15 |    12 ||    38

Table legend: (Time is in decaauts)
 A = Elapsed time spent in this place.
 B = Non-inter-level travel time spent in this place.
 C = Inter-level travel time spent in this place.
 D = Time resting spent in this place.
 E = Time spent auto-exploring this place.
 F = Levels seen in this place.
 G = Mean time per level.
                   A        B        C        D        E       F      G
               +--------+--------+--------+--------+--------+-----+--------+
         Total |   5406 |   5213 |    193 |    675 |   4067 |   5 | 1081.2 |
       Dungeon |   5406 |   5213 |    193 |    675 |   4067 |   5 | 1081.2 |
               +--------+--------+--------+--------+--------+-----+--------+

Top non-repeatable levels by time:
     D:3: 1523 daAuts
     D:2: 1335 daAuts
     D:4: 1242 daAuts
     D:1: 1183 daAuts
     D:5: 122 daAuts
